 Dungeon Crawl Stone Soup version 0.21.1-1-g345015f (webtiles) character file.

26329 t7DKbSm the Blocker (level 12, -4/106 HPs)
             Began as a Minotaur Fighter on May 1, 2018.
             Was an Elder of Trog.
             Slain by a minotaur
             ... wielding the +7 demon blade "Qutsolirgh" {pain, rElec}
              (6 damage)
             ... in a labyrinth.
             The game lasted 01:21:09 (15224 turns).

t7DKbSm the Blocker (Minotaur Fighter)             Turns: 15224, Time: 01:21:11

Health: -4/106     AC: 23    Str: 25    XL:     12   Next: 97%
Magic:  11/11      EV: 15    Int:  5    God:    Trog [****..]
Gold:   922        SH: 20    Dex: 19    Spells: 11/11 levels left

rFire    + + .     SeeInvis .   M - +3 flail (protect)
rCold    x . .     Gourm    .   c - +0 shield
rNeg     . . .     Faith    .   C - +0 fire dragon scales
rPois    +         Spirit   .   (helmet restricted)
rElec    .         Reflect  +   W - +0 cloak
rCorr    .         Harm     .   (no gloves)
MR       .....                  I - +2 pair of boots
Stlth    +.........             R - +5 amulet of reflection
HPRegen  0.27/turn              p - +2 ring of dexterity
MPRegen  0.12/turn              O - +4 ring of dexterity

@: about to teleport, protection aura
A: retaliatory headbutt, horns 2, poison resistance, strong 1
a: Berserk, Trog's Hand, Brothers in Arms, Burn Spellbooks, Renounce Religion


You were in a labyrinth.
You worshipped Trog.
Trog was greatly pleased with you.
You were near starving.

You visited 3 branches of the dungeon, and saw 15 of its levels.
You also visited: Labyrinth and Sewer.

You collected 1002 gold pieces.
You spent 80 gold pieces at shops.

Inventory:

Hand Weapons
 n - a +0 blowgun
 o - a +1 long sword of slicing
 s - a +1 falchion
 K - a +0 mace of draining
 M - a +3 flail of protection (weapon)
Missiles
 k - a throwing net (quivered)
 X - 3 needles of confusion
Armour
 c - a +0 shield (worn)
 v - a +0 plate armour
 C - +0 fire dragon scales (worn)
 I - a +2 pair of boots (worn)
 W - a +0 cloak (worn)
Magical Staves
 Y - an uncursed staff of conjuration {unknown}
Jewellery
 b - an uncursed ring of positive energy
 p - a +2 ring of dexterity (left hand)
 N - an uncursed amulet of rage
 O - a +4 ring of dexterity (right hand)
 R - a +5 amulet of reflection (around neck)
 U - an uncursed amulet of guardian spirit
Wands
 l - a wand of acid (6)
 w - a wand of paralysis (10)
 y - a wand of polymorph (20)
 z - a wand of disintegration (13)
 H - a wand of iceblast (11)
 L - a wand of enslavement (14)
 S - a wand of clouds (6)
Scrolls
 a - a scroll of random uselessness {unknown}
 e - 5 scrolls of remove curse
 g - a scroll of amnesia
 h - a scroll of noise {unknown}
 j - 4 scrolls of fog
 m - a scroll of holy word {unknown}
 q - a scroll of enchant armour
 t - 2 scrolls of fear {unknown}
 u - 10 scrolls of identify
 x - a scroll of enchant weapon
 E - 2 scrolls of teleportation
 F - a scroll of summoning {unknown}
 J - a scroll of immolation {unknown}
 Q - 2 scrolls of silence {unknown}
Potions
 d - 3 potions of might
 i - a potion of invisibility
 r - 2 potions of lignification
 A - a potion of agility
 B - 3 potions of flight
 G - 2 potions of berserk rage {unknown}
 P - a potion of curing
 T - 2 potions of resistance {unknown}
 V - a potion of cancellation {unknown}
Comestibles
 f - 9 rations


   Skills:
 + Level 10.1 Fighting
 + Level 14.2 Maces & Flails
 + Level 10.9 Armour
 + Level 6.8 Dodging
 + Level 2.0 Stealth
 + Level 14.7 Shields
 + Level 0.4 Evocations


You had 11 spell levels left.
You didn't know any spells.

Dungeon Overview and Level Annotations

Branches:
Dungeon (12/15)            Temple (1/1) D:4            Lair (2/6) D:11
  Swamp: Lair:2-4    Shoals: Lair:2-4     Snake: Lair:2-4    Spider: Lair:2-4
    Orc: D:9-12

Altars:
Ashenzari
Cheibriados
Dithmenos
Elyvilon
Fedhas
Gozag
Hepliaklqana
Kikubaaqudgha
Makhleb
Nemelex Xobeh
Okawaru
Qazlal
Ru
Sif Muna
Trog
Uskayaw
Vehumet
Wu Jian
Xom
Yredelemnul
Zin
The Shining One

Shops:
D:9 %   D:11 (


Innate Abilities, Weirdness & Mutations

You reflexively headbutt those who attack you in melee.
You have a pair of horns on your head.
Your system is resistant to poisons. (rPois)
Your muscles are strong. (Str +2)


Message History

You hit the minotaur. You headbutt the minotaur.
The minotaur is heavily wounded.
The minotaur hits you with an ancient demon blade {pain}!!
You writhe in agony.
The minotaur gores you.
You hit the minotaur but do no damage.
The minotaur is heavily wounded.
The minotaur hits you with an ancient demon blade {pain}!
* * * LOW HITPOINT WARNING * * *
You writhe in agony.
* * * LOW HITPOINT WARNING * * *
The minotaur gores you.
* * * LOW HITPOINT WARNING * * *
As you read the scroll of teleportation, it crumbles to dust.
You feel strangely unstable.
Your skin stops crawling.
You feel less resistant to hostile enchantments.
The minotaur hits you with an ancient demon blade {pain}!
* * * LOW HITPOINT WARNING * * *
You writhe in agony.
You die...

#...#.#.#. #. . .
###.#.#.#.#. . .
..#...#.#.# ....
. #### # #. ##
##.# ... #.#... .
#.###.. ..... #..
#.######## .
.#.#####.#8.8[8)8
. .#
#.....@H.....< #
#.##..#8.8)8:8 .
.....######## .
#####.. . ... #.#
# #.# #.


You could see a minotaur.

Vanquished Creatures
  The ghost of soepske the Martial Artist, a journeyman GnTm of Yredelemnul (D:11)
  4 hydras
  3 two-headed ogres
  A death knight (D:11)
  A tengu warrior (D:11)
  An unseen horror (D:11)
  Pikel (D:9)
  The ghost of t7DKbSm the Shield-Bearer, a novice MiFi (D:7)
  A cyclops (D:12)
  3 ugly things (D:11)
  2 manticores
  Joseph (D:9)
  2 spiny frogs (Lair:2)
  A rime drake (Lair:1)
  A komodo dragon (D:11)
  4 trolls (D:11)
  A tengu conjurer (D:10)
  3 hippogriffs
  A hornet (D:10)
  Prince Ribbit (D:9)
  A human (D:7)
  20 yaks
  4 wyverns (D:11)
  2 basilisks
  Grum (Lair:1)
  A hungry ghost (D:8)
  4 hogs (D:7)
  A soldier ant (D:11)
  3 water moccasins (Lair:1)
  A swamp drake (D:11)
  An ice beast (D:11)
  3 orc warriors (D:11)
  5 porcupines
  2 black bears
  Purgy (Sewer)
  2 slaves (D:9)
  6 sky beasts
  A necrophage (D:11)
  A phantom (D:11)
  2 wolves (Lair:1)
  5 ogres
  8 centaurs
  2 crocodiles
  3 big kobolds
  11 bullfrogs
  2 scorpions
  6 killer bees (D:8)
  4 wights (D:8)
  2 howler monkeys
  A bullfrog zombie (D:12)
  5 crimson imps
  3 centaur zombies
  A quasit (D:10)
  8 jellies
  5 orc wizards
  5 orc priests
  3 centaur skeletons
  4 hounds
  Jessica (D:3)
  Terence (D:3)
  Natasha (thrice) (D:3)
  3 iguanas
  13 worker ants
  2 worker ant zombies
  6 gnolls
  3 river rats (D:6)
  11 adders
  2 howler monkey skeletons (D:6)
  5 shadow imps
  2 oozes
  An adder skeleton (D:5)
  5 worms
  2 dart slugs
  3 leopard geckos
  28 orcs
  2 ball pythons
  9 bats
  4 giant cockroaches
  6 goblins
  9 hobgoblins
  11 jackals
  2 quokkas
  3 frilled lizards
  A giant cockroach zombie (D:6)
  A jackal skeleton (D:6)
  13 kobolds
  A leopard gecko zombie (D:8)
  A quokka zombie (D:5)
  8 rats
336 creatures vanquished.

Notes
Turn   | Place    | Note
-------+----------+-------------------------------------------
     0 | D:1      | t7DKbSm the Minotaur Fighter began the quest for the Orb.
     0 | D:1      | Reached XP level 1. HP: 19/19 MP: 0/0
    88 | D:1      | Reached XP level 2. HP: 27/27 MP: 1/1
   268 | D:1      | Reached XP level 3. HP: 32/33 MP: 2/2
   866 | D:2      | Reached skill level 1 in Dodging
  1563 | D:3      | Reached XP level 4. HP: 21/40 MP: 3/3
  1797 | D:3      | Reached skill level 5 in Shields
  1797 | D:3      | Reached XP level 5. HP: 36/46 MP: 4/4
  1874 | D:3      | Noticed Terence
  1894 | D:3      | Killed Terence
  1938 | D:3      | Noticed Jessica
  1945 | D:3      | Killed Jessica
  2015 | D:3      | Noticed Natasha
  2017 | D:3      | Killed Natasha
  2017 | D:3      | Reached XP level 6. HP: 43/52 MP: 5/5
  2042 | D:3      | Noticed Natasha
  2047 | D:3      | Killed Natasha
  2047 | D:3      | Reached skill level 1 in Stealth
  2108 | D:3      | Noticed Natasha
  2116 | D:3      | Killed Natasha
  2265 | D:4      | Reached skill level 5 in Maces & Flails
  2373 | D:4      | Found a staircase to the Ecumenical Temple.
  2380 | Temple   | Entered the Ecumenical Temple
  2453 | Temple   | Became a worshipper of Trog the Wrathful
  2840 | D:4      | Reached XP level 7. HP: 54/60 MP: 6/6
  2960 | D:4      | Reached skill level 5 in Armour
  3128 | D:5      | Entered Level 5 of the Dungeon
  3637 | D:5      | Noticed a hippogriff
  3647 | D:5      | Killed a hippogriff
  3886 | D:5      | Got a faintly glowing shortbow
  4021 | D:5      | Reached XP level 8. HP: 64/67 MP: 7/7
  4128 | D:6      | Reached skill level 5 in Fighting
  4188 | D:6      | Reached * piety under Trog
  4526 | D:6      | Found a glowing drain.
  4550 | Sewer    | Entered a sewer
  4826 | Sewer    | Noticed Purgy
  4833 | Sewer    | Killed Purgy
  5248 | D:6      | Found a sparkling altar of Nemelex Xobeh.
  5278 | D:7      | Reached XP level 9. HP: 75/75 MP: 8/8
  5301 | D:7      | Noticed t7DKbSm's ghost (novice MiFi)
  5359 | D:7      | Killed t7DKbSm's ghost
  5406 | D:7      | Reached ** piety under Trog
  6447 | D:8      | Reached skill level 10 in Maces & Flails
  6463 | D:9      | HP: 3/78 [poisoned by a killer bee]
  6468 | D:9      | HP: 3/78 [poisoned by a killer bee]
  6473 | D:9      | HP: 3/78 [poisoned by a killer bee]
  6846 | D:8      | Reached skill level 5 in Dodging
  6854 | D:8      | Noticed a two-headed ogre
  6861 | D:8      | Killed a two-headed ogre
  6861 | D:8      | Reached XP level 10. HP: 41/86 MP: 9/9
  6931 | D:8      | Reached skill level 10 in Shields
  6953 | D:8      | Found an ornate altar of the Wu Jian Council.
  7059 | D:8      | Reached *** piety under Trog
  7063 | D:8      | Found a blossoming altar of Fedhas.
  7111 | D:8      | Gained mutation: You are weak. (Str -2) [potion of mutation]
  7111 | D:8      | Gained mutation: You have large cloven feet. [potion of mutation]
  7112 | D:8      | Lost mutation: You have large cloven feet. [potion of mutation]
  7112 | D:8      | Lost mutation: You are weak. (Str -2) [potion of mutation]
  7112 | D:8      | Gained mutation: Your system is resistant to poisons. (rPois) [potion of mutation]
  7112 | D:8      | Gained mutation: Your muscles are strong. (Str +2) [potion of mutation]
  8104 | D:9      | Noticed Prince Ribbit
  8109 | D:9      | Killed Prince Ribbit
  8158 | D:9      | Noticed Joseph
  8169 | D:9      | Killed Joseph
  8247 | D:9      | Noticed Pikel
  8271 | D:9      | Killed Pikel
  8293 | D:9      | Found Syrryx's Food Boutique.
  8659 | D:10     | Entered Level 10 of the Dungeon
  9134 | D:10     | Reached **** piety under Trog
  9134 | D:10     | Reached XP level 11. HP: 85/94 MP: 10/10
  9150 | D:10     | Paralysed by a hornet for 3 turns
  9721 | D:11     | Found Mekh's Antique Weapon Shoppe.
  9731 | D:11     | Bought a blowgun for 80 gold pieces
  9735 | D:11     | Noticed a white ugly thing
  9759 | D:11     | Killed a white ugly thing
  9956 | D:11     | Noticed an eight-headed hydra
  9956 | D:11     | Noticed a death knight
  9969 | D:11     | Killed an eight-headed hydra
 10392 | D:11     | Noticed a two-headed ogre
 10402 | D:11     | Killed a two-headed ogre
 10491 | D:11     | Noticed a white ugly thing
 10512 | D:11     | Killed a white ugly thing
 10622 | D:11     | Killed an unseen horror
 10870 | D:11     | Noticed a tengu warrior
 11039 | D:12     | Noticed a five-headed hydra
 11053 | D:12     | Killed a five-headed hydra
 11053 | D:12     | Reached XP level 12. HP: 61/104 MP: 11/11
 11166 | D:11     | Killed a death knight
 11170 | D:11     | Killed a tengu warrior
 11330 | D:11     | Reached skill level 10 in Armour
 11652 | D:11     | Noticed a two-headed ogre
 11666 | D:11     | Killed a two-headed ogre
 11694 | D:11     | Noticed soepske's ghost (journeyman GnTm)
 11733 | D:11     | Killed soepske's ghost
 11771 | D:11     | Found a staircase to the Lair.
 11781 | Lair:1   | Entered Level 1 of the Lair of Beasts
 12012 | Lair:1   | Noticed a four-headed hydra
 12021 | Lair:1   | Killed a four-headed hydra
 12241 | Lair:1   | Noticed Grum
 12263 | Lair:1   | Killed Grum
 12777 | Lair:2   | Reached ***** piety under Trog
 12837 | Lair:2   | Noticed a four-headed hydra
 12862 | Lair:2   | Reached skill level 10 in Fighting
 12868 | Lair:2   | Killed a four-headed hydra
 12974 | Lair:2   | Found a labyrinth entrance.
 12990 | Lab      | Entered a labyrinth
 15198 | Lab      | Noticed a minotaur
 15224 | Lab      | HP: 2/106 [minotaur/ancient demon blade {pain} (13)]
 15224 | Lab      | Identified the +7 demon blade "Qutsolirgh" {pain, rElec}
 15224 | Lab      | Slain by a minotaur

Skill      XL: |  1  2  3  4  5  6  7  8  9 10 11 12 |
---------------+-------------------------------------+-----
Shields        | 4 5 6 7 9 11 13 14 | 14.7
Armour         | 4 5 7 8 9 10 | 10.9
Dodging        | 1 2 3 5 6 |  6.8
Fighting       | 4 5 7 9 10 | 10.1
Maces & Flails | 3 4 6 7 8 10 11 13 14 | 14.2
Stealth        | 1 2 |  2.0
Evocations     | |  0.4

Action                   |  1- 3 |  4- 6 |  7- 9 | 10-12 || total
-------------------------+-------+-------+-------+-------++-------
Melee: Flail             |   119 |   135 |   157 |   465 ||   876
       Headbutt          |    19 |    32 |    70 |   247 ||   368
       Mace              |       |       |   159 |   291 ||   450
Invok: Burn Spellbooks   |       |     1 |     1 |     3 ||     5
       Trog's Hand       |       |       |     1 |     6 ||     7
       Berserk           |       |       |     1 |     3 ||     4
       Brothers in Arms  |       |       |       |     2 ||     2
Evoke: Wand              |       |       |     4 |     1 ||     5
  Use: Scroll            |       |     1 |     3 |    10 ||    14
       Potion            |       |       |     5 |     8 ||    13
 Stab: Confused          |       |       |       |     1 ||     1
  Eat: Ration            |     1 |     1 |     4 |     8 ||    14
       Chunk             |       |       |       |     4 ||     4
Armor: Scale mail        |    56 |    36 |   103 |   108 ||   303
       Plate armour      |       |       |       |   145 ||   145
       Fire dragon scale |       |       |       |    37 ||    37
Dodge: Dodged            |    45 |    33 |   145 |   261 ||   484
Block: Shield            |    87 |    70 |   223 |   704 ||  1084
       Reflection        |       |       |       |    19 ||    19
